 Dungeon Crawl Stone Soup version 0.30-a0-1016-gfb0d676c02 (webtiles) character file.

Game seed: 7434924625896228055

556 vishdafish the Conjurer (level 7, 46/46 HPs)
             Began as a Demonspawn Conjurer on Apr 6, 2023.
             Quit the game on level 5 of the Dungeon.
             The game lasted 00:04:05 (3837 turns).

vishdafish the Conjurer (Demonspawn Conjurer)       Turns: 3837, Time: 00:04:05

Health: 46/46      AC:  3    Str:  8    XL:     7   Next: 8%
Magic:  10/14      EV: 15    Int: 21    God:
Gold:   92         SH:  0    Dex: 11    Spells: 15/16 levels left

rFire   . . .      SeeInvis .    l - +2 dagger (speed)
rCold   . . .      Faith    .    (no shield)
rNeg    . . .      Spirit   .    a - +0 robe
rPois   .          Reflect  .    (no helmet)
rElec   .          Rampage  .    (no cloak)
rCorr   .                        (no gloves)
Will    +....                    i - +0 pair of boots
Stlth   ++                       (no amulet)
HPRegen 0.27/turn                v - ring of wizardry
MPRegen 0.14/turn                p - ring of willpower

@: no status effects
A: repulsion field 2, demonic magic 1, demonic touch 1
a: no special abilities


You were on level 5 of the Dungeon.
You visited 1 branch of the dungeon, and saw 5 of its levels.
You also visited: Ossuary.

You collected 92 gold pieces.

Inventory:

Hand Weapons
 l - a +2 dagger of speed (weapon)
Armour
 a - a +0 robe (worn)
 i - a +0 pair of boots (worn)
 w - the scarf "Usozoz" {shadows, rElec rN+ Str+3 Dex-3}
   (You found it on level 3 of the Dungeon)

   Str:       It affects your strength (+3).
   Dex:       It affects your dexterity (-3).
   rElec:     It insulates you from electricity.
   rN:        It protects you from negative energy.
Magical Staves
 d - a staff of earth
Jewellery
 p - a ring of willpower (right hand)
 v - a ring of wizardry (left hand)
Scrolls
 e - a scroll of fear {unknown}
 g - 2 scrolls of noise {unknown}
 h - a scroll of enchant weapon {unknown}
 j - 2 scrolls of teleportation {unknown}
 k - 2 scrolls of amnesia {unknown}
 n - a scroll of enchant armour {unknown}
 t - 2 scrolls of magic mapping {unknown}
 u - 6 scrolls of identify {unknown}
 y - a scroll of vulnerability {unknown}
Potions
 b - 2 potions of magic
 c - a potion of ambrosia
 f - 2 potions of curing
 m - a potion of brilliance
 o - a potion of flight {unknown}
 q - 2 potions of attraction {unknown}
 r - a potion of heal wounds {unknown}
 s - 2 potions of might {unknown}
 x - a potion of degeneration {unknown}
 z - a potion of haste {unknown}


   Skills:
 - Level 1.7 Dodging
 - Level 1.7 Stealth
 + Level 5.2 Spellcasting
 + Level 6.7 Conjurations


You had 15 spell levels left.
You knew the following spells:

 Your Spells              Type           Power      Damage    Failure   Level
a - Magic Dart            Conj           100%       1d8       1%          1

Your spell library contained the following spells:

 Spells                   Type           Power      Damage    Failure   Level
 Searing Ray              Conj           66%        2d6       1%          2
 Dazzling Flash           Conj/Hex       38%        N/A       3%          3
 Hailstorm                Conj/Ice       19%        3d6       3%          3
 Freeze                   Ice            20%        1d4       4%          1
 Sublimation of Blood     Necr           5%         N/A       6%          2
 Fulminant Prism          Conj/Hex       9%         3d7       11%         4
 Iskenderun's Mystic Bla  Conj/Tloc      19%        2d6       11%         4
 Frozen Ramparts          Ice            10%        1d2       13%         3
 Irradiate                Conj/Tmut      9%         3d14      28%         5
 Petrify                  Tmut/Erth      5%         N/A       38%         4


Dungeon Overview and Level Annotations

Branches:
Dungeon (5/15)            Ossuary (visited)
 Temple: D:4-7

Altars:
Xom


Innate Abilities, Weirdness & Mutations

You are surrounded by a moderate repulsion field. (EV +3)
Spells you cast may paralyse adjacent enemies.
Your touch may inflict minor irresistible damage on your foes.


Message History

An iguana is nearby!
The magic dart hits the iguana.
The iguana is moderately wounded.
Malevolent energies surge around you.
The magic dart hits the iguana.
The iguana is heavily wounded.
Malevolent energies surge around you.
The magic dart hits the iguana but does no damage.
The iguana is heavily wounded.
Malevolent energies surge around you. The iguana closely misses you.
The magic dart hits the iguana but does no damage.
The iguana is heavily wounded.
Malevolent energies surge around you.
The iguana suddenly stops moving!
The magic dart hits the iguana!
The iguana is almost dead.
Malevolent energies surge around you.
The magic dart hits the iguana.
The iguana is almost dead.
Malevolent energies surge around you.
The magic dart hits the iguana.
You kill the iguana!
Malevolent energies surge around you.
You can't see any susceptible monsters within range! (Use Z to cast anyway.)
You can't see any susceptible monsters within range! (Use Z to cast anyway.)
You can't see any susceptible monsters within range! (Use Z to cast anyway.)
You can't see any susceptible monsters within range! (Use Z to cast anyway.)
You can't see any susceptible monsters within range! (Use Z to cast anyway.)
You can't see any susceptible monsters within range! (Use Z to cast anyway.)
You can't see any susceptible monsters within range! (Use Z to cast anyway.)
You can't see any susceptible monsters within range! (Use Z to cast anyway.)
You can't see any susceptible monsters within range! (Use Z to cast anyway.)
You can't see any susceptible monsters within range! (Use Z to cast anyway.)
You can't see any susceptible monsters within range! (Use Z to cast anyway.)
A sleepcap comes into view.
A sleepcap is nearby!
A sleepcap is nearby!
A sleepcap is nearby!
A sleepcap is nearby!
A sleepcap is nearby!
Are you sure you want to abandon this character and quit the game? (Confirm with "yes".)

##.########
f.........#.###
####@.......
#...<#.#.###
#....# #
#...>...
###......
########


You could see a sleepcap (wandering).

Vanquished Creatures
  3 elf zombies (Ossuary)
  A centaur zombie (Ossuary)
  2 human zombies (Ossuary)
  An orc priest (D:4)
  Jessica (D:2)
  An iguana (D:5)
  A hound zombie (Ossuary)
  3 mummies (Ossuary)
  3 adders
  2 adder zombies (Ossuary)
  A worm (D:2)
  12 dart slugs (D:3)
  3 orcs (D:4)
  4 ball pythons
  6 endoplasms
  2 gnoll zombies (Ossuary)
  2 goblins
  3 hobgoblins
  3 jackals (D:2)
  A quokka (D:2)
  2 bats
  4 frilled lizards
  6 goblin zombies (Ossuary)
  3 hobgoblin zombies (Ossuary)
  6 jackal zombies (Ossuary)
  2 kobolds
  3 kobold zombies (Ossuary)
  3 quokka zombies (Ossuary)
  A rat (D:2)
  A rat zombie (Ossuary)
86 creatures vanquished.

Notes
Turn   | Place    | Note
-------+----------+-------------------------------------------
     0 | D:1      | vishdafish the Demonspawn Conjurer began the quest for the
                  | Orb.
     0 | D:1      | Reached XP level 1. HP: 13/13 MP: 3/3
   224 | D:1      | Found a faded altar of an unknown god.
   684 | D:2      | Gained mutation: Your touch may inflict minor irresistible
                  | damage on your foes. [demonic ancestry]
   684 | D:2      | Reached XP level 2. HP: 13/19 MP: 0/5
  1043 | D:2      | Noticed Jessica
  1052 | D:2      | Killed Jessica
  1053 | D:2      | Reached XP level 3. HP: 18/24 MP: 5/7
  1447 | D:3      | Reached XP level 4. HP: 18/30 MP: 8/8
  1603 | D:3      | Reached skill level 5 in Conjurations
  1999 | D:3      | Found a shimmering altar of Xom.
  2219 | D:3      | Identified the scarf "Usozoz" {shadows, rElec rN+ Str+3
                  | Dex-3}
  2454 | D:4      | Found a sand-covered staircase.
  2530 | Ossuary  | Entered an ossuary
  2653 | Ossuary  | Gained mutation: You are surrounded by a mild repulsion
                  | field. (EV +2) [demonic ancestry]
  2653 | Ossuary  | Reached XP level 5. HP: 25/35 MP: 10/10
  2924 | Ossuary  | Gained mutation: You are surrounded by a moderate repulsion
                  | field. (EV +3) [demonic ancestry]
  2924 | Ossuary  | Reached XP level 6. HP: 11/41 MP: 3/12
  3073 | Ossuary  | Reached skill level 6 in Conjurations
  3416 | Ossuary  | Reached skill level 5 in Spellcasting
  3732 | D:4      | Gained mutation: Spells you cast may paralyse adjacent
                  | enemies. [demonic ancestry]
  3732 | D:4      | Reached XP level 7. HP: 42/46 MP: 6/14
  3744 | D:5      | Entered Level 5 of the Dungeon
  3837 | D:5      | Quit the game

Illustrated notes

Levels and vault maps discovered:
D:1:      scummos_arrival_simple_crosswalls, layout_rooms,
          shapermc_ecumenical_altar_mp_urbaneastern
D:2:      layout_basic, uniq_jessica
D:3:      kennysheep_slugbush, layout_rooms, mainiacjoe_overflow_24_doors
D:4:      layout_loops_corners, mainiacjoe_overflow_small_starburst,
          lightli_ossuary_entry_decrepit_ruins, minivault_11, uniq_grinder
D:5:      layout_basic, lemuel_coloured_pillars_altar,
          nicolae_overflow_hallway_of_the_gods, serial_shops,
          nicolae_stop_n_shop_2, nicolae_inconvenience_store

Skill      XL: |  1  2  3  4  5  6 |
---------------+-------------------+-----
Spellcasting   | 3 4 5 |  5.2
Conjurations   | 5 6 |  6.7
Dodging        | |  1.7
Stealth        | |  1.7

Action                     |  1- 3 |  4- 6 |  7- 9 || total
---------------------------+-------+-------+-------++-------
  Melee: Dagger            |    61 |   154 |       ||   215
         Touch             |     7 |    26 |       ||    33
   Cast: Magic Dart        |    24 |   142 |    10 ||   176
    Use: Potion            |       |     5 |       ||     5
   Stab: Sleeping          |     2 |     1 |       ||     3
 Armour: Robe              |     5 |    28 |       ||    33
         Skin              |       |    37 |       ||    37
  Dodge: Dodged            |    26 |    78 |     1 ||   105

Table legend: (Time is in decaauts)
 A = Elapsed time spent in this place.
 B = Non-inter-level travel time spent in this place.
 C = Inter-level travel time spent in this place.
 D = Time resting spent in this place.
 E = Time spent auto-exploring this place.
 F = Levels seen in this place.
 G = Mean time per level.
                   A        B        C        D        E       F      G
               +--------+--------+--------+--------+--------+-----+--------+
         Total |   3768 |   3672 |     96 |      0 |   3091 |   6 |  628.0 |
       Dungeon |   2683 |   2587 |     96 |      0 |   2245 |   5 |  536.6 |
       Ossuary |   1084 |   1084 |      0 |      0 |    846 |   1 | 1084.0 |
               +--------+--------+--------+--------+--------+-----+--------+

Top non-repeatable levels by time:
 Ossuary: 1084 daAuts
     D:3: 906 daAuts
     D:2: 803 daAuts
     D:1: 603 daAuts
     D:4: 277 daAuts
     D:5: 92 daAuts
